Map: Kairos Junction LE

Players

Seph - Winner!

  • Race: Zerg Zerg
  • League: Bronze
  • Spawn Location: 11:00

RojoHoho

  • Race: Terran Terran
  • League: Silver
  • Spawn Location: 5:00

VOD

Have the link to the VOD?

Description

Time

  • Played on: Feb. 14, 2019, 9:12 p.m.
  • Length: 24:20
Show
View Real Time Build Order
Export as new Build Order

Seph Zerg - Winner!

Build Orders: Pool First, Brood Lord Corruptor 

Get SALT Encoding   

  12  0:04  Drone  
  13  0:09  Drone  
  14  0:16  Overlord  
  14  0:38  Spawning Pool  
  13  0:44  Drone x2  
  15  0:51  Drone  
  16  0:57  Extractor  
  16  0:59  Drone  
  16  1:06  Drone  
  17  1:17  Drone  
  18  1:33  Hatchery  
  18  1:34  Drone  
  18  1:43  Zergling x2  
  19  1:54  Zergling x2  
  19  1:55  Queen  
  19  2:00  Overlord  
  22  2:11  Overlord  
  22  2:20  Roach Warren  
  22  2:22  Drone  
  22  2:23  Evolution Chamber  
  21  2:44  Queen  
  21  2:50  Drone x2  
  23  3:09  Drone x3  
  26  3:16  Lair  
  26  3:24  Roach x4  
  34  3:32  Zerg Missile Weapons Level 1  
  34  3:46  Extractor  
  34  3:47  Drone x2  
  34  3:48  Drone x3  
  38  3:56  Drone  
  38  3:57  Extractor  
  38  3:58  Extractor  
  37  4:03  Roach  
  37  4:04  Roach x2  
  43  4:14  Overlord  
  44  4:38  Drone x3  
  44  4:41  Drone x2  
  48  4:47  Drone x4  
  48  4:51  Overlord x2  
  50  5:11  Ravager  
  50  5:12  Ravager x2  
  53  5:19  Roach x4  
  53  5:20  Roach  
  63  5:21  Burrow  
  63  5:25  Drone x4  
  63  5:28  Drone  
  68  5:38  Spire  
  67  6:27  Overseer  
  64  6:38  Tunneling Claws  
  64  6:41  Zerg Missile Weapons Level 2  
  64  6:53  Drone x2  
  64  6:54  Drone x2  
  68  6:58  Overlord x3  
  68  7:02  Zerg Flyer Weapons Level 1  
  68  7:14  Evolution Chamber  
  67  7:24  Hatchery  
  67  7:26  Extractor x2  
  64  7:31  Corruptor x2  
  64  7:32  Corruptor x2  
  72  7:56  Glial Reconstitution  
  69  8:10  Overseer  
  69  8:51  Corruptor  
  69  8:52  Corruptor x5  
  81  9:07  Infestation Pit, Drone x3  
  83  9:10  Queen  
  85  10:12  Drone x2  
  85  10:13  Drone  
  74  10:48  Zerg Ground Armor Level 1  
  74  10:53  Hive  
  74  10:58  Infestor  
  74  11:00  Swarm Host  
  91  11:22  Zergling x8  
  91  11:23  Zergling x6  
  98  11:33  Overlord x3  
  98  11:34  Overlord x2  
  98  11:57  Zergling x6  
  98  11:58  Zergling x12  
  98  11:59  Zergling x14  
  98  12:00  Zergling x4  
  109  12:27  Metabolic Boost  
  88  13:00  Greater Spire  
  85  13:09  Spire  
  84  13:24  Baneling Nest  
  107  14:01  Zergling x2  
  107  14:02  Zergling x12  
  114  14:03  Zergling x2  
  115  14:17  Centrifical Hooks  
  105  14:41  Brood Lord x2  
  105  14:42  Brood Lord x6  
  105  14:43  Brood Lord x2  
  127  14:52  Zergling x2  
  127  14:59  Overlord x2  
  125  15:00  Overlord x3  
  101  15:58  Lair  
  99  16:38  Hatchery  
  98  16:43  Zerg Melee Weapons Level 1  
  98  16:47  Zerg Flyer Armor Level 1  
  98  17:09  Mutalisk  
  98  17:10  Mutalisk x5  
  98  17:52  Roach  
  83  18:23  Mutalisk x3  
Show
View Real Time Build Order
Export as new Build Order

RojoHoho Terran 

Build Orders:  

Get SALT Encoding   

  12  0:04  SCV  
  13  0:16  SCV  
  14  0:23  Supply Depot  
  14  0:29  SCV  
  14  0:34  Supply Depot  
  15  0:52  Barracks  
  15  0:55  SCV  
  16  1:01  Refinery  
  16  1:47  Command Center  
  16  1:51  Marine  
  17  2:09  Supply Depot, Marine  
  18  2:25  Bunker  
  18  2:27  Marine  
  19  2:31  Supply Depot  
  19  2:36  SCV  
  20  2:45  Marine  
  20  2:48  SCV, Refinery  
  22  3:00  SCV  
  23  3:12  SCV  
  25  3:25  SCV  
  25  3:30  Barracks Tech Lab  
  25  3:37  Supply Depot  
  25  3:40  Supply Depot  
  25  3:47  SCV  
  26  4:00  SCV x2  
  26  4:01  Supply Depot  
  28  4:04  Supply Depot  
  28  4:12  SCV  
  28  4:16  Factory  
  29  4:18  Orbital Command  
  29  4:24  SCV  
  30  4:36  SCV  
  31  4:41  Marine  
  30  5:17  Supply Depot  
  30  5:27  Siege Tank  
  33  5:33  SCV  
  34  5:41  SCV  
  35  5:45  SCV  
  36  5:53  SCV  
  37  5:57  SCV  
  37  5:59  Siege Tank  
  41  6:05  SCV  
  41  6:09  SCV  
  43  6:17  SCV  
  43  6:21  SCV  
  44  6:25  Supply Depot  
  44  6:29  SCV  
  44  6:31  Siege Tank  
  48  6:41  SCV  
  49  6:50  Supply Depot  
  49  6:53  SCV  
  50  6:57  Armory  
  50  7:03  Siege Tank  
  50  7:05  SCV  
  54  7:14  Supply Depot  
  54  7:17  SCV  
  55  7:29  Engineering Bay  
  55  7:35  Hellion  
  55  7:36  Supply Depot  
  57  7:39  Refinery  
  57  7:46  Factory  
  57  7:49  Refinery  
  57  7:51  Command Center  
  57  7:57  Hellion  
  59  8:00  Supply Depot  
  59  8:13  Terran Vehicle Weapons Level 1  
  59  8:18  Hellion  
  61  8:22  Supply Depot  
  61  8:28  Missile Turret  
  61  8:32  Factory  
  61  8:34  Missile Turret x2  
  61  8:39  Thor  
  67  8:45  Supply Depot  
  67  8:46  SCV  
  68  8:49  SCV  
  68  8:52  Missile Turret  
  69  8:56  Infernal Pre-Igniter  
  69  8:58  SCV  
  69  8:59  Factory Tech Lab  
  69  9:01  SCV  
  71  9:04  Missile Turret  
  71  9:05  Missile Turret  
  71  9:10  SCV  
  71  9:14  SCV  
  73  9:22  Thor  
  73  9:23  SCV  
  80  9:26  SCV  
  81  9:35  SCV  
  81  9:38  Missile Turret  
  82  10:04  Thor  
  88  10:08  Terran Vehicle And Ship Armor Level 1  
  86  10:53  SCV  
  87  11:00  SCV  
  88  11:05  SCV  
  89  11:12  SCV  
  89  11:17  SCV  
  91  11:19  Thor  
  91  11:20  Refinery  
  91  11:21  Factory Tech Lab  
  91  11:24  SCV, Refinery  
  98  11:29  SCV  
  99  11:36  SCV  
  100  11:41  SCV  
  100  11:44  Thor  
  107  11:48  SCV  
  107  11:52  Hellion  
  110  12:01  Terran Vehicle Weapons Level 2  
  110  12:02  Thor  
  112  12:13  Hellion  
  111  12:27  Thor  
  117  12:35  Hellion  
  116  12:44  Thor  
  119  12:56  Hellion  
  121  13:07  Thor  
  121  13:08  Thor  
  121  13:10  Thor  
  127  13:27  Supply Depot  
  127  13:31  Supply Depot  
  127  13:32  Supply Depot  
  127  13:48  Thor  
  127  13:52  Supply Depot, Thor  
  127  13:53  Hellion  
  127  13:54  Supply Depot  
  141  13:56  Supply Depot  
  141  13:59  Orbital Command  
  137  14:13  Thor  
  137  14:16  Supply Depot  
  141  14:22  Command Center  
  141  14:31  Supply Depot, Thor  
  141  14:33  Supply Depot  
  141  14:36  Hellion  
  129  14:39  Supply Depot  
  129  14:56  Supply Depot, Thor  
  129  14:57  Hellion, Supply Depot  
  137  15:05  Factory  
  137  15:06  Supply Depot  
  137  15:07  Factory x2  
  137  15:14  Thor  
  137  15:18  Hellion  
  133  15:23  Supply Depot  
  133  15:29  Supply Depot  
  133  15:39  Thor  
  133  15:40  Hellion  
  139  15:46  Supply Depot  
  139  15:47  Supply Depot  
  139  15:54  Factory  
  133  15:57  Thor  
  133  16:01  Hellion  
  109  16:12  Supply Depot  
  109  16:13  Factory Tech Lab  
  109  16:14  Factory Tech Lab  
  109  16:17  Factory Tech Lab  
  95  16:22  Thor x2  
  105  16:40  Missile Turret, Thor  
  105  16:41  Missile Turret  
  105  16:45  Missile Turret  
  111  16:49  Missile Turret  
  102  17:05  Thor x2  
  111  17:22  Thor  
  69  17:47  Thor  
  69  17:48  Thor  
  69  18:05  Thor  
  57  18:31  Thor  
  49  18:48  Thor  
  55  19:13  Thor  
Tags
 
Add a new tag
Caveats
  • Supply blocks, unpowered buildings, or Contaminate may cause inaccurate times.
  • Supply counts are checked every 10 seconds.